Map: Goldenaura LE

Players

Vindicta

  • Race: Terran Terran
  • League: Master
  • Spawn Location: 5:00

A.I. 1 (Medium) - Winner!

  • Race: Protoss Protoss
  • Spawn Location: 12:00

VOD

Have the link to the VOD?

Description

Time

  • Played on: Oct. 16, 2025, 9:47 p.m.
  • Length: 10:47
Show
View Real Time Build Order
Export as new Build Order

Vindicta Terran 

Build Orders: Reaper Expand 

Get SALT Encoding   

  12  0:00  SCV  
  13  0:12  SCV  
  14  0:17  Supply Depot  
  14  0:24  SCV  
  15  0:39  SCV  
  15  0:41  Barracks  
  16  0:46  Refinery  
  16  0:51  SCV  
  17  1:03  SCV  
  18  1:15  SCV  
  19  1:29  Reaper  
  19  1:30  Orbital Command  
  20  1:44  Command Center  
  20  1:53  Supply Depot  
  20  1:55  SCV  
  21  2:02  Barracks Reactor  
  21  2:07  SCV  
  22  2:12  Barracks  
  22  2:20  SCV  
  23  2:24  Barracks  
  23  2:32  SCV  
  24  2:38  Marine x2  
  24  2:39  Bunker  
  24  2:44  SCV  
  27  2:56  SCV  
  27  2:57  Orbital Command  
  28  3:03  Barracks Tech Lab  
  28  3:04  Marine x2  
  30  3:08  SCV  
  30  3:10  Barracks Tech Lab  
  31  3:20  SCV  
  31  3:22  Supply Depot, Marine x2  
  31  3:23  SCV  
  31  3:24  Stimpack  
  35  3:28  Combat Shield  
  35  3:32  SCV  
  36  3:35  SCV  
  36  3:36  Marauder  
  36  3:39  Marauder  
  36  3:40  Marine  
  42  3:44  SCV, Marine  
  42  3:47  SCV  
  45  3:56  SCV  
  45  3:57  Marauder  
  45  3:59  SCV  
  45  4:00  Marauder, Supply Depot  
  51  4:04  Refinery  
  51  4:08  SCV, Marine x2  
  54  4:11  Supply Depot  
  54  4:16  Refinery  
  54  4:22  Marauder x2, SCV x2  
  60  4:26  Marine x2  
  62  4:33  Supply Depot  
  62  4:34  SCV x2  
  64  4:40  Factory  
  64  4:43  Marine x2  
  64  4:45  Marine x2  
  67  4:46  SCV x2  
  67  4:52  Concussive Shells  
  70  4:58  SCV  
  71  5:00  Supply Depot  
  71  5:01  Marauder, Marine  
  71  5:02  SCV  
  75  5:10  SCV  
  75  5:11  Marine x2  
  78  5:21  SCV  
  78  5:22  Marauder, SCV, Supply Depot  
  78  5:25  Factory Reactor, Starport  
  82  5:31  Refinery  
  82  5:32  Marauder, Marine x2  
  86  5:39  Command Center  
  86  5:43  SCV  
  86  5:45  Supply Depot  
  86  5:46  Marauder  
  86  5:47  SCV  
  90  5:58  Engineering Bay  
  90  5:59  SCV x2  
  90  6:01  Marauder, Engineering Bay  
  94  6:06  Marine x2  
  94  6:08  Marauder  
  94  6:11  SCV  
  99  6:14  Medivac  
  99  6:16  Supply Depot  
  101  6:22  Marine  
  101  6:23  Factory Tech Lab  
  102  6:27  Barracks x2  
  102  6:28  Terran Infantry Weapons Level 1, Terran Infantry Armor Level 1  
  102  6:37  Medivac, SCV x2, Supply Depot  
  102  6:38  Supply Depot, Marine  
  102  6:39  Marine x2  
  109  6:49  SCV  
  109  6:50  Medivac, SCV, Siege Tank  
  116  7:02  Marauder, SCV, Marine x2  
  116  7:08  SCV  
  122  7:11  Orbital Command  
  122  7:12  Marauder  
  122  7:14  Barracks Reactor, Barracks Tech Lab  
  124  7:15  SCV  
  124  7:20  Marine  
  124  7:22  Barracks x3  
  126  7:24  SCV  
  126  7:27  Supply Depot  
  126  7:28  SCV  
  128  7:30  Marine  
  128  7:31  Marauder  
  128  7:34  Marauder  
  137  7:42  Medivac x2  
  137  7:43  Marauder  
  139  7:45  SCV  
  139  7:48  SCV  
  139  7:50  SCV, Refinery, Supply Depot  
  142  7:51  Refinery  
  142  7:54  Siege Tank  
  142  7:56  Marauder, Marine  
  142  7:57  Marine  
  142  7:58  Supply Depot  
  149  8:07  Supply Depot  
  149  8:11  Marine x4  
  149  8:12  Marauder x2  
  157  8:13  Supply Depot  
  157  8:19  SCV, Marine x3, Viking  
  165  8:20  Marauder  
  165  8:28  SCV, Viking  
  165  8:29  Supply Depot, Marine x2  
  165  8:30  Siege Tank  
  173  8:35  Marauder, Marine x2  
  173  8:38  Supply Depot, Marine  
  173  8:39  Marauder  
  173  8:41  Marine  
  181  8:50  Supply Depot  
  181  8:51  Marauder, Marine x3  
  186  8:56  Viking  
  186  8:59  Viking  
  186  9:00  Marauder x2  
  194  9:03  Marine  
  194  9:05  Marine  
  194  9:06  Marine  
  197  9:11  Marine  
  197  9:12  Supply Depot  
  197  9:13  Marauder  
  200  9:23  Siege Tank  
  200  9:25  Marauder  
  199  9:45  Barracks Tech Lab x3  
  199  9:48  Command Center  
  199  10:21  Marauder  
  199  10:29  Supply Depot  
Show
View Real Time Build Order
Export as new Build Order

A.I. 1 (Medium) Protoss - Winner!

Build Orders: 1 Gate Expand 

Get SALT Encoding   

  12  0:00  Probe  
  13  0:13  Probe  
  14  0:20  Pylon  
  14  0:25  Probe  
  15  0:34  Probe  
  15  0:42  Probe  
  17  0:51  Gateway  
  17  1:08  Probe  
  17  1:11  Nexus  
  18  1:27  Pylon  
  18  1:30  Assimilator  
  18  1:40  Zealot  
  18  1:41  Cybernetics Core, Probe  
  21  1:54  Probe  
  22  2:04  Probe  
  22  2:06  Gateway  
  23  2:13  Assimilator  
  23  2:17  Stalker  
  23  2:18  Probe  
  26  2:23  Pylon  
  26  2:31  Probe  
  27  2:45  Adept, Probe  
  27  2:47  Warp Gate  
  30  2:53  Adept  
  32  3:06  Assimilator, Stalker  
  32  3:16  Assimilator  
  34  3:29  Probe  
  34  3:32  Probe  
  36  3:41  Probe  
  37  3:42  Zealot  
  37  3:45  Robotics Facility  
  39  3:54  Probe  
  40  3:58  Probe  
  41  4:05  Adept  
  41  4:07  Probe  
  41  4:08  Probe  
  44  4:12  Pylon  
  44  4:16  Probe  
  45  4:19  Probe  
  47  4:25  Probe  
  47  4:31  Probe  
  49  4:33  Immortal  
  49  4:37  Probe  
  54  4:40  Pylon  
  54  4:43  Probe  
  55  4:50  Probe  
  56  4:55  Probe  
  56  4:58  Stalker  
  59  5:02  Probe  
  59  5:03  Pylon  
  60  5:07  Probe  
  60  5:11  Probe  
  62  5:19  Probe x2  
  63  5:23  Sentry  
  63  5:26  Pylon  
  63  5:28  Probe  
  66  5:30  Probe  
  68  5:36  Probe  
  69  5:44  Observer, Probe  
  69  5:45  Probe  
  69  5:47  Pylon  
  69  5:48  Stalker  
  74  5:55  Forge  
  74  5:56  Probe  
  75  5:58  Probe  
  75  6:01  Observer  
  77  6:07  Pylon, Immortal  
  77  6:08  Probe  
  77  6:10  Probe  
  79  6:24  Pylon  
  79  6:25  Pylon  
  83  6:27  Stargate  
  83  6:28  Twilight Council  
  83  6:30  Photon Cannon  
  83  6:31  Photon Cannon  
  83  6:36  Gateway  
  83  6:38  Forge  
  83  6:39  Immortal  
  83  6:46  Photon Cannon  
  86  6:54  Photon Cannon  
  86  9:16  Stalker  
  88  9:23  Zealot  
  68  9:24  Pylon  
  68  9:25  Probe  
  68  9:31  Stalker  
  38  9:37  Probe  
  33  9:44  Void Ray  
  36  9:45  Immortal  
  36  9:49  Probe  
  36  9:52  Stalker  
  39  9:59  Zealot  
  39  10:02  Probe  
  38  10:07  Zealot  
  38  10:14  Probe  
  39  10:17  Gateway  
  39  10:20  Stargate  
  41  10:22  Robotics Bay  
  41  10:23  Zealot, Dark Shrine  
  41  10:26  Probe, Fleet Beacon  
  32  10:30  Zealot  
  32  10:31  Robotics Facility  
  25  10:43  Sentry  
Tags
 
Add a new tag
Caveats
  • Supply blocks, unpowered buildings, or Contaminate may cause inaccurate times.
  • Supply counts are checked every 10 seconds.